 Dungeon Sprint DCSS version 0.21-a0-52-gbf49515 (webtiles) character file.

133 Kidiri the Ruffian (level 4, -3/49 HPs)
             Began as a Troll Monk on June 13, 2017.
             Was a Believer of Wu Jian.
             Slain by a merfolk
             ... wielding the +4 rapier "Wageid" {holy, rPois rF+ rC+++ Dex-2}
              (19 damage)
             ... in the Dungeon (Sprint V: "Ziggurat Sprint").
             The game lasted 00:01:51 (82 turns).

Kidiri the Ruffian (Troll Monk)                       Turns: 82, Time: 00:01:52

Health: -3/49      AC:  5    Str: 25    XL:     4   Next: 94%
Magic:  3/3        EV: 13    Int:  6    God:    Wu Jian [**....]
Gold:   0          SH:  0    Dex: 19    Spells: 3/3 levels left

rFire    . . .     SeeInvis .     - Unarmed
rCold    . . .     Gourm    +   (no shield)
rNeg     . . .     Faith    .   a - +0 robe
rPois    .         Spirit   .   (helmet restricted)
rElec    .         Reflect  .   (no cloak)
rCorr    .         Harm     .   (gloves unavailable)
MR       .....     NoTele   +   (boots unavailable)
Stlth    +++.......             (no amulet)
Regen    0.6/turn               z - +6 ring of dexterity
MPRegen  0.1/turn               D - +6 ring of strength

@: no status effects
A: unfitting armour, claws 3, fast metabolism 3, gourmand, regeneration 1,
shaggy fur 1, tough skin 2
a: Renounce Religion


You were in the Dungeon.
You worshipped Wu Jian.
Wu Jian was pleased with you.
You were not hungry.

You visited 1 branch

Inventory:

Armour
 a - a +0 robe (worn)
 i - +5 gold dragon scales
 y - the +18 shield of the Gong {rElec rN+ MR+ EV-5}
   (You found it in the Dungeon)

   It affects your evasion (-5).
   It insulates you from electricity.
   It protects you from negative energy.
   It affects your resistance to hostile enchantments.
Jewellery
 z - a +6 ring of dexterity (left claw)
 A - a +6 ring of dexterity
 D - a +6 ring of strength (right claw)
 E - a +6 ring of strength
Wands
 F - a wand of disintegration (7/24)
 G - a wand of iceblast (5/15)
 H - a wand of lightning (5/15)
 I - a wand of acid (5/15)
Scrolls
 h - 4 scrolls of blinking
 p - 4 scrolls of amnesia
 q - 3 scrolls of recharging
 r - 7 scrolls of fog
 s - a scroll of holy word
 t - 5 scrolls of identify
 u - 5 scrolls of remove curse
 v - 2 scrolls of fear
Potions
 c - 10 potions of curing
 d - 9 potions of heal wounds
 e - 6 potions of haste
 f - 7 potions of magic
 g - 3 potions of berserk rage
 j - 2 potions of brilliance
 k - 2 potions of invisibility
 l - 4 potions of resistance
 n - 5 potions of agility
 o - 5 potions of might
Comestibles
 b - 6 bread rations
 w - 42 fruits
 x - 4 meat rations


   Skills:
 * Level 4.8 Fighting
 + Level 2.6 Armour
 * Level 4.7 Dodging
 * Level 3.1 Stealth
 + Level 2.6 Shields
 * Level 5.7 Unarmed Combat


You had 3 spell levels left.
You didn't know any spells.

Dungeon Overview and Level Annotations

Branches:
Dungeon (1/1)

Altars:
Ashenzari
Cheibriados
Dithmenos
Elyvilon
Fedhas
Gozag
Hepliaklqana
Kikubaaqudgha
Makhleb
Nemelex Xobeh
Okawaru
Qazlal
Ru
Sif Muna
Trog
Uskayaw
Vehumet
Wu Jian
Xom
Yredelemnul
Zin
The Shining One
Beogh
Jiyva
Lugonu

Annotations:
D 1 transporter


Innate Abilities, Weirdness & Mutations

You are too large for most types of armour.
You have claws for hands.
Your metabolism is lightning-fast.
You like to eat raw meat.
Your natural rate of healing is unusually fast.
You are covered in fur. (AC +1)
You have very tough skin. (AC +2)


Message History

The merfolk picks up the +4 rapier "Wageid" {holy, rPois rF+ rC+++ Dex-2}.
The merfolk wields the +4 rapier "Wageid" {holy, rPois rF+ rC+++ Dex-2}.
It softly glows with a divine radiance!
Found three items.
Found a transporter.
Unknown command.
The merfolk shouts! x2
The merfolk throws a tomahawk.
The tomahawk hits you!!
You see here a tomahawk.
Unknown command.
The merfolk barely misses you.
Unknown command.
The merfolk hits you from afar with a trident!
The merfolk hits you with the +4 rapier "Wageid" {holy, rPois rF+ rC+++ Dex-2}!
* * * LOW HITPOINT WARNING * * *
The merfolk closely misses you.
Unknown command.
You feel much better.
The merfolk hits you from afar with a trident!
The merfolk hits you with the +4 rapier "Wageid" {holy, rPois rF+ rC+++ Dex-2}!!
You die...

▓▓▓▓▓▓▓▓▓▓▓▓▓
▓.8©8.▓.8©8.▓
▓.:)|.▓.....▓
▓.....▓.|.).▓
▓..mmm▓..)..▓
▓....@▓.....▓
▓.....▓.....▓
▓....(▓▓▓▓▓▓▓
▓▓▓▓▓▓▓


You could see 3 merfolk.

Vanquished Creatures
  A phantom (D)
  A wight (D)
2 creatures vanquished.

Notes
Turn   | Place    | Note
-------+----------+-------------------------------------------
     0 | D        | Kidiri the Troll Monk began the quest for the Orb.
     0 | D        | Reached XP level 1. HP: 22/22 MP: 0/0
     5 | D        | Found a deep blue altar of Sif Muna.
     5 | D        | Found a bloodstained altar of Trog.
     5 | D        | Found a sacrificial altar of Ru.
     5 | D        | Found a stormy altar of Qazlal.
     5 | D        | Found an iron altar of Okawaru.
     6 | D        | Found a sparkling altar of Nemelex Xobeh.
     6 | D        | Found a blossoming altar of Fedhas.
     8 | D        | Found a transporter.
     8 | D        | Found an ancient bone altar of Kikubaaqudgha.
     8 | D        | Found a viscous altar of Jiyva.
     8 | D        | Found a corrupted altar of Lugonu.
     8 | D        | Found a hazy altar of Hepliaklqana.
     8 | D        | Found a burning altar of Makhleb.
     8 | D        | Found an opulent altar of Gozag.
    32 | D        | Became a worshipper of the Wu Jian Council
    32 | D        | Reached * piety under Wu Jian
    32 | D        | Reached ** piety under Wu Jian
    35 | D        | Reached skill level 1 in Armour
    35 | D        | Reached skill level 1 in Shields
    35 | D        | Reached skill level 4 in Unarmed Combat
    35 | D        | Reached XP level 2. HP: 31/31 MP: 1/1
    54 | D        | Entered arena 2.
    54 | D        | Noticed a wight
    54 | D        | Noticed a phantom
    54 | D        | Found a transporter.
    66 | D        | Killed a wight
    66 | D        | Reached XP level 3. HP: 36/39 MP: 2/2
    68 | D        | Killed a phantom
    68 | D        | Reached skill level 5 in Unarmed Combat
    68 | D        | Reached XP level 4. HP: 46/49 MP: 3/3
    77 | D        | Entered arena 3.
    77 | D        | Noticed a merfolk
    77 | D        | Noticed a merfolk
    77 | D        | Noticed a merfolk
    77 | D        | Found a transporter.
    82 | D        | Identified the +4 rapier "Wageid" {holy, rPois rF+ rC+++ Dex-2}
    82 | D        | Slain by a merfolk

Vault maps used:
D:        sprint_v

Skill      XL: |  1  2  3 |
---------------+----------+-----
Fighting       | 3 4 |  4.8
Armour         | 1 2 |  2.6
Dodging        | 3 4 |  4.7
Stealth        | 2 3 |  3.1
Shields        | 1 2 |  2.6
Unarmed Combat | 4 5 |  5.7

Action                   |  1- 3 |  4- 6 || total
-------------------------+-------+-------++-------
Melee: Unarmed           |    11 |       ||    11
  Use: Potion            |     1 |     1 ||     2
 Stab: Sleeping          |     1 |       ||     1
Armor: Robe              |     2 |       ||     2
Dodge: Dodged            |     2 |     2 ||     4
